 Dungeon Crawl Stone Soup version 0.28.0 (webtiles) character file.

Game seed: 503060194823444671

2556 croobank the Covert (level 9, -5/63 HPs)
             Began as an Octopode Delver on Feb 14, 2022.
             Was a Priest of Nemelex Xobeh.
             Slain by a gnoll sergeant (6 damage)
             ... in a bailey.
             The game lasted 00:33:40 (6431 turns).

croobank the Covert (Octopode Delver)               Turns: 6431, Time: 00:33:40

Health: -5/63      AC:  5    Str: 22    XL:     9   Next: 56%
Magic:  19/19      EV:  8    Int: 12    God:    Nemelex Xobeh [***...]
Gold:   382        SH:  0    Dex: 13    Spells: 5/10 levels left

rFire   . . .      SeeInvis .   a - +5 dagger "Omul" {distort, rElec rC+++ MP+9 Stlth-}
rCold   + + +      Faith    .   (no shield)
rNeg    . . .      Spirit   .   (helmet restricted)
rPois   .          Reflect  .   (no amulet)
rElec   +          Harm     .   y - +6 ring of strength
rCorr   .          Rampage  .   B - +4 ring of protection
Will    .....                   (no ring)
Stlth   ++++......              (no ring)
HPRegen 0.20/turn               (no ring)
MPRegen 0.16/turn               (no ring)
                                (no ring)
                                (no ring)

@: held
A: almost no armour, amphibious, 8 rings, camouflage 1, gelatinous body 1,
(nimble swimmer 1), tentacles
a: Renounce Religion, Draw Escape, Draw Destruction, Draw Summoning, Triple Draw


You were in a bailey.
You worshipped Nemelex Xobeh.
Nemelex Xobeh was most pleased with you.
You visited 1 branch of the dungeon, and saw 7 of its levels.
You also visited: Bailey.

You collected 488 gold pieces.
You spent 106 gold pieces at shops.

Inventory:

Hand Weapons
 a - the +5 dagger "Omul" (weapon) {distort, rElec rC+++ MP+9 Stlth-}
   (You found it on level 3 of the Dungeon)

   It warps and distorts space around it, and may blink, banish, or inflict
   extra damage upon those it strikes.
   Unwielding it can cause banishment or high damage.
   rC:        It renders you almost immune to cold.
   rElec:     It insulates you from electricity.
   MP:        It affects your magic capacity (+9).
   Stlth:     It makes you less stealthy.
 b - a +0 hunting sling
 A - a +2 dagger of venom
 C - a +3 mace
Missiles
 c - 169 stones
 d - 2 javelins
 o - 21 sling bullets
 p - 2 throwing nets
 s - 3 poisoned darts
 w - 4 boomerangs
 z - 3 atropa-tipped darts (quivered)
Jewellery
 y - a +6 ring of strength (left tentacle)
 B - a +4 ring of protection (right tentacle)
Wands
 f - a wand of digging (10)
Scrolls
 j - a scroll of holy word
 k - a scroll of immolation {unknown}
 l - a scroll of fear
 r - 2 scrolls of fog
 t - a scroll of enchant armour
 v - 3 scrolls of teleportation
Potions
 e - 4 potions of curing
 g - a potion of magic
 h - a potion of attraction {unknown}
 i - a potion of heal wounds
 m - 2 potions of degeneration {unknown}
 n - 2 potions of might
 u - a potion of brilliance {unknown}
 x - 2 potions of mutation


   Skills:
 + Level 6.6 Fighting
 * Level 6.4 Short Blades
 - Level 3.7 Axes
 + Level 6.1 Dodging
 + Level 10.6 Stealth
 + Level 1.3 Spellcasting


You had 5 spell levels left.
You knew the following spells:

 Your Spells              Type           Power      Damage    Failure   Level
a - Teleport Other        Tloc           0%         N/A       65%         3
b - Ensorcelled Hibernat  Hex/Ice        0%         N/A       41%         2

Your spell library contained the following spells:

 Spells                   Type           Power      Damage    Failure   Level
 Pain                     Necr           0%         1d4       30%         1
 Passwall                 Tmut/Erth      0%         N/A       41%         2
 Sublimation of Blood     Necr           0%         N/A       41%         2
 Gell's Gravitas          Tloc           0%         N/A       65%         3
 Swiftness                Air            0%         N/A       65%         3
 Tukima's Dance           Hex            0%         N/A       65%         3
 Passage of Golubria      Tloc           0%         N/A       96%         4
 Petrify                  Tmut/Erth      0%         N/A       96%         4
 Agony                    Necr           0%         N/A       100%        5
 Excruciating Wounds      Necr           0%         N/A       100%        5
 Irradiate                Conj/Tmut      0%         3d14      100%        5
 Yara's Violent Unravell  Hex/Tmut       0%         3d3       100%        5
 Dispersal                Tloc           0%         N/A       100%        6


Dungeon Overview and Level Annotations

Branches:
Dungeon (7/15)             Temple (0/1) D:7          Bailey (1/1)

Altars:
Nemelex Xobeh
Ru

Shops:
D:1 !   D:2 =?*![


Innate Abilities, Weirdness & Mutations

You cannot wear most types of armour.
You are amphibious.
You can wear up to eight rings at the same time.
Your skin changes colour to match your surroundings (Stealth+).
Your rubbery body absorbs attacks. (AC +1, EV +1)
((You are camouflaged when in or above water. (Stealth+)))
You have tentacles for arms and can constrict up to eight enemies at once.


Message History

Your ice beast freezes the wolf!
Okay, then.
You feel much better.
The wolf pauses to sniff the ground.
The wolf bites you but does no damage.
The gnoll sergeant hits you from afar with a +0 halberd!
Something hits your raiju. Something completely misses your raiju.
Your ice beast barely misses the wolf.
A gnoll sergeant comes into view. It is wielding a +0 glaive.
Your basilisk barely misses the gnoll sergeant.
Your raiju bites the wolf but does no damage.
You tear a large gash into the net.
The wolf bites you.
The gnoll sergeant hits you from afar with a +0 glaive!
The gnoll sergeant hits you from afar with a +0 halberd!
* * * LOW HITPOINT WARNING * * *
The wolf bites you.
* * * LOW HITPOINT WARNING * * *
Something barely misses your raiju.
Your raiju bites the wolf but does no damage.
Your raiju bursts into living lightning!
The living lightning hits the wolf!
The wolf dies!
The living lightning misses the gnoll sergeant.
The living lightning misses the wolf.
The living lightning hits the wolf!
The wolf dies!
The living lightning hits your raiju.
Your raiju completely resists.
Your raiju blinks!
Your basilisk bites the gnoll sergeant but does no damage.
You draw a card...
You have drawn Velocity.
Your ice beast seems to speed up.
Your basilisk seems to speed up.
The gnoll sergeant seems to slow down.
The gnoll seems to slow down.
The wolf seems to slow down.
The gnoll seems to slow down.
The gnoll sergeant seems to slow down.
Your raiju seems to speed up. x2
The gnoll sergeant hits you from afar with a +0 glaive!
* * * LOW HITPOINT WARNING * * *
Your basilisk bites the gnoll sergeant but does no damage.
The gnoll sergeant hits you from afar with a +0 halberd.
You die...
Your body disappears without a glow.

####### .. ♣≈..
##.8..... #.
♣≈..##.......g #.
♣≈..#...g..g #.
♣≈..#..ghg##### #.
♣≈..#§hhh##...## #.
♣≈..##g###.....######.
♣≈.....l#.......#...'.
♣≈..§@Y.'..)8...')..'.
♣≈......#.).....#...'.
♣≈..##g###....)######.
♣≈.. gg.##..)## #.
♣≈.. g.g.##### #. ♣≈..
.....h #. ♣≈.. ......
#. ♣≈.. #.8... #.


You could see 4 gnoll sergeants, 2 wolves, a gnoll shaman, 3 gnolls, a friendly
raiju (summoned, fast), a friendly basilisk (summoned, fast) and a friendly ice
beast (summoned, fast).

Vanquished Creatures
  Sigmund (D:2)
  A water moccasin (D:6)
  Duvessa (D:5)
  An ice beast (D:4)
  An orc warrior (D:6)
  A black bear (D:5)
  3 phantoms
  3 centaurs (D:6)
  2 bullfrogs
  A gnoll sergeant (Bailey)
  2 scorpions
  3 orc priests
  A gnoll shaman (Bailey)
  5 hounds
  A bullfrog skeleton (D:5)
  2 iguanas (D:5)
  2 orc wizards
  2 howler monkey zombies (D:7)
  10 adders
  8 gnolls
  A white imp (D:7)
  2 adder skeletons (D:4)
  A worm (D:3)
  3 dart slugs
  13 orcs
  9 ball pythons
  6 bats (D:2)
  7 giant cockroaches
  10 goblins
  11 hobgoblins
  3 quokkas (D:3)
  3 frilled lizards
  6 kobolds
  11 rats
137 creatures vanquished.

Vanquished Creatures (collateral kills)
  2 wolves (Bailey)
  Dowan (D:5)
  A gnoll shaman (Bailey)
  A gnoll (Bailey)
5 creatures vanquished.

Vanquished Creatures (others)
  4 plants
4 creatures vanquished.

Grand Total: 146 creatures vanquished

Notes
Turn   | Place    | Note
-------+----------+-------------------------------------------
     0 | D:5      | croobank the Octopode Delver began the quest for the Orb.
     0 | D:5      | Reached XP level 1. HP: 16/16 MP: 1/1
    19 | D:5      | Found a glowing drain.
    20 | D:5      | Noticed an iguana
    57 | D:4      | Noticed a phantom
   382 | D:3      | Reached XP level 2. HP: 20/21 MP: 2/2
   551 | D:3      | Reached skill level 7 in Stealth
   551 | D:3      | Reached XP level 3. HP: 17/26 MP: 3/3
   736 | D:3      | Found a faded altar of an unknown god.
   757 | D:3      | Prayed at the altar of an unknown god.
   757 | D:3      | Became a worshipper of Nemelex Xobeh the Trickster
   757 | D:3      | Reached * piety under Nemelex Xobeh
   757 | D:3      | Received a gift from Nemelex Xobeh
   791 | D:3      | Noticed a bullfrog
   799 | D:3      | Killed a bullfrog
   800 | D:3      | Reached XP level 4. HP: 32/33 MP: 4/4
   862 | D:1      | Found Rireav's Distillery.
   909 | D:1      | Learned a level 3 spell: Teleport Other
  1133 | D:1      | Reached XP level 5. HP: 37/37 MP: 5/5
  1718 | D:2      | Found Enyuhyme's Armour Shoppe.
  1797 | D:2      | Found Hehi's Distillery.
  1833 | D:2      | Bought a potion of might for 52 gold pieces
  1858 | D:2      | Reached ** piety under Nemelex Xobeh
  1875 | D:2      | Found Hosi's Assorted Antiques.
  1878 | D:2      | Bought a scroll labelled ZAXISI UCHEFO for 28 gold pieces
  1909 | D:2      | Noticed Sigmund
  1922 | D:2      | Killed Sigmund
  1923 | D:2      | Reached skill level 8 in Stealth
  1923 | D:2      | Reached XP level 6. HP: 29/43 MP: 6/6
  2644 | D:2      | Found Haasuomn's Jewellery Boutique.
  2646 | D:2      | Found Qomu's Magic Scroll Emporium.
  2654 | D:2      | Bought a scroll of identify for 26 gold pieces
  2721 | D:3      | Identified the +5 dagger "Omul" {distort, rElec rC+++ MP+9
                  | Stlth-}
  3094 | D:4      | Received a gift from Nemelex Xobeh
  3110 | D:4      | Noticed an ice beast
  3122 | D:4      | Killed an ice beast
  3123 | D:4      | Reached skill level 1 in Short Blades
  3123 | D:4      | Reached XP level 7. HP: 40/49 MP: 7/7
  3368 | D:4      | Reached skill level 5 in Fighting
  3989 | D:5      | Received a gift from Nemelex Xobeh
  4112 | D:5      | Noticed Duvessa
  4116 | D:5      | Noticed Dowan
  4120 | D:5      | Killed Dowan
  4126 | D:5      | Killed Duvessa
  4127 | D:5      | Reached skill level 9 in Stealth
  4127 | D:5      | Reached XP level 8. HP: 38/55 MP: 8/8
  4400 | D:5      | Identified the +3 leather armour of an ice cave {+Blink rF-
                  | rCorr Str+4}
  4524 | D:5      | Reached skill level 5 in Dodging
  4666 | D:5      | Reached *** piety under Nemelex Xobeh
  4989 | D:6      | Received a gift from Nemelex Xobeh
  5043 | D:6      | Reached skill level 5 in Short Blades
  5052 | D:6      | Reached skill level 10 in Stealth
  5052 | D:6      | Reached XP level 9. HP: 31/62 MP: 9/9
  5346 | D:6      | Learned a level 2 spell: Ensorcelled Hibernation
  5443 | D:6      | Found a sacrificial altar of Ru.
  5680 | D:7      | Found a staircase to the Ecumenical Temple.
  5886 | D:7      | Received a gift from Nemelex Xobeh
  6059 | D:7      | Found a flagged portal.
  6077 | Bailey   | Entered a bailey
  6254 | Bailey   | Reached skill level 1 in Spellcasting
  6431 | Bailey   | HP: 1/63 [gnoll sergeant (7)]
  6431 | Bailey   | Slain by a gnoll sergeant

Illustrated notes

Levels and vault maps discovered:
D:1:      denvon_arrival_planthouse, layout_basic, serial_shops, shop_statue,
          hangedman_glass_teeth
D:2:      layout_loops_ring, serial_shops, shop, nicolae_shop_trees,
          shop_fountains, nicolae_shop_hallway_stairs, shop,
          serial_bayou_pond_d, grunt_ministairs_10, uniq_sigmund
D:3:      layout_loops_cross, ebering_ecumenical_altar_webs
D:4:      layout_basic, kennysheep_cross_bottleneck, chequers_avenue,
          nrook_loot_triangle
D:5:      layout_loops_ring, gup_sewer_entry_glass, uniq_duvessa
D:6:      layout_basic, kennysheep_mini_moat
D:7:      layout_gridville, minmay_temple_entry_sparse_star, enter_bailey_4,
          worms_lemuel
Bailey:   bailey_polearm_gnolls_kennysheep, bailey

Skill      XL: |  1  2  3  4  5  6  7  8  9 |
---------------+----------------------------+-----
Stealth        | 7 8 9 10 | 10.6
Axes           | 3 |  3.7
Dodging        | 3 4 5 6 |  6.1
Fighting       | 4 5 6 |  6.6
Short Blades   | 1 3 5 6 |  6.4
Spellcasting   | 1 |  1.3

Action                   |  1- 3 |  4- 6 |  7- 9 || total
-------------------------+-------+-------+-------++-------
Melee: Hand axe          |    36 |    73 |       ||   109
       Constrict         |    13 |    19 |    31 ||    63
       Tentacles         |     7 |    13 |    22 ||    42
       Dagger            |       |     8 |   135 ||   143
       Punch             |       |     1 |     2 ||     3
Invok: Draw Destruction  |     2 |       |     7 ||     9
       Draw Summoning    |       |       |     3 ||     3
       Draw Escape       |       |       |     1 ||     1
  Use: Scroll            |     3 |     6 |     1 ||    10
       Potion            |     2 |     1 |     2 ||     5
 Stab: Sleeping          |     6 |    22 |     9 ||    37
       Distracted        |     1 |       |     2 ||     3
Armor: Skin              |     1 |     2 |    20 ||    23
Dodge: Dodged            |    22 |    41 |   105 ||   168
